 Dungeon Crawl Stone Soup version 0.24.0-125-gc4c63601f3 (webtiles) character file.

Game seed: 4367955507471771935, levelgen mode: deterministic

3402 H0rd4k the Slicer (level 10, -4/74 HPs)
             Began as a Human Artificer on Mar 9, 2020.
             Was an Initiate of Gozag.
             Slain by Gastronok (16 damage)
             ... on level 9 of the Dungeon.
             The game lasted 00:14:21 (8661 turns).

H0rd4k the Slicer (Human Artificer)                 Turns: 8661, Time: 00:14:21

Health: -4/74      AC:  9    Str: 12    XL:     10   Next: 24%
Magic:  13/13      EV: 13    Int: 19    God:    Gozag
Gold:   556        SH:  0    Dex: 17    Spells: 9/9 levels left

rFire    . . .     SeeInvis .   e - +5 rapier of Cowardice {venom, Str-3 Int+8 Dex-3 Stlth+}
rCold    x . .     Gourm    .   (no shield)
rNeg     . . .     Faith    .   L - +1 ring mail of the Tundras {rElec rC- Regen+ Dex+5}
rPois    +         Spirit   .   t - +0 helmet
rElec    +         Reflect  .   l - scarf {repulsion}
rCorr    .         Harm     .   (no gloves)
MR       .....                  C - +0 pair of boots
Stlth    ++++......             K - amulet of magic regeneration
HPRegen  0.62/turn              r - ring of poison resistance
MPRegen  0.38/turn              M - ring of stealth

@: repel missiles
A: no striking features
a: Potion Petition, Call Merchant, Bribe Branch, Renounce Religion


You were on level 9 of the Dungeon.
You worshipped Gozag.
Gozag was pleased with you.
You were hungry.

You visited 2 branches of the dungeon, and saw 10 of its levels.
You also visited: Bailey.

You collected 1075 gold pieces.
You spent 416 gold pieces at shops.
You paid 103 gold pieces to Gozag.

Inventory:

Hand Weapons
 a - a +0 short sword
 e - the +5 rapier of Cowardice (weapon) {venom, Str-3 Int+8 Dex-3 Stlth+}
   (You bought it in a shop on level 6 of the Dungeon)

   It poisons the flesh of those it strikes.
   It affects your strength (-3).
   It affects your intelligence (+8).
   It affects your dexterity (-3).
   It makes you more stealthy.
 o - the +5 dagger of Leleluer {pierce, +Inv}
   (You bought it in a shop on level 6 of the Dungeon)

   It inflicts extra damage upon your enemies.
   It lets you turn invisible.
 z - a +0 falchion
 B - a +1 rapier of electrocution
Missiles
 x - 3 poisoned darts (quivered)
 O - 2 curare-tipped darts
Armour
 l - a scarf of repulsion (worn)
 t - a +0 helmet (worn)
 C - a +0 pair of boots (worn)
 L - the +1 ring mail of the Tundras (worn) {rElec rC- Regen+ Dex+5}
   (You found it on level 4 of the Dungeon)

   It affects your dexterity (+5).
   It makes you vulnerable to cold.
   It insulates you from electricity.
   It increases your rate of regeneration.
Jewellery
 r - a ring of poison resistance (left hand)
 E - a +3 ring of evasion
 G - an uncursed ring of fire
 J - a cursed ring of teleportation {unknown}
 K - an amulet of magic regeneration (around neck)
 M - a ring of stealth (right hand)
 N - an uncursed ring of ice
 R - an uncursed amulet of harm {unknown}
Wands
 c - a wand of flame (52)
 d - a wand of enslavement (7)
 n - a wand of digging (5)
 Q - a wand of polymorph (10)
Scrolls
 g - 5 scrolls of teleportation {unknown}
 h - 3 scrolls of amnesia {unknown}
 m - 2 scrolls of enchant weapon {unknown}
 p - 10 scrolls of identify
 q - 3 scrolls of fear {unknown}
 u - 3 scrolls of blinking {unknown}
 v - a scroll of fog {unknown}
 w - a scroll of random uselessness {unknown}
 y - 3 scrolls of magic mapping {unknown}
 D - 2 scrolls of noise {unknown}
Potions
 b - a potion of haste {unknown}
 i - 3 potions of heal wounds {unknown}
 j - 8 potions of curing
 k - 5 potions of magic {unknown}
 s - 3 potions of degeneration {unknown}
 A - a potion of agility {unknown}
 F - 3 potions of brilliance {unknown}
 H - 2 potions of might {unknown}
 I - 3 potions of lignification {unknown}
 P - a potion of mutation {unknown}
Comestibles
 f - 13 rations


   Skills:
 + Level 5.3 Fighting
 + Level 8.1 Short Blades
 + Level 2.5 Throwing
 + Level 5.7 Armour
 + Level 5.2 Dodging
 + Level 5.2 Stealth
 + Level 4.3 Evocations


You had 9 spell levels left.
You didn't know any spells.
Your spell library was empty.

Dungeon Overview and Level Annotations

Branches:
Dungeon (9/15)             Temple (1/1) D:6          Bailey (visited)
   Lair: D:8-11         Orc: D:9-12

Altars:
Ashenzari
Cheibriados
Dithmenos
Elyvilon
Fedhas
Gozag
Hepliaklqana
Kikubaaqudgha
Makhleb
Nemelex Xobeh
Okawaru
Qazlal
Ru
Sif Muna
Trog
Uskayaw
Vehumet
Wu Jian
Xom
Yredelemnul
Zin
The Shining One

Shops:
D:6 (

Annotations:
D:6 exclusion: downstairs
D:7 Harold
D:9 Gastronok


Message History

Gastronok sloshes about.
Gastronok waves his eye-stalks in wide circles.
The air twists around and strikes you!!
* * * LOW HITPOINT WARNING * * *
You hit Gastronok.
Gastronok looks as sick as possible!
Gastronok is almost dead.
You hit Gastronok but do no damage.
Gastronok looks as sick as possible!
Gastronok is almost dead.
Evoke which item? (* to show all) (? for menu, Esc to quit)
Okay, then.
You puncture Gastronok!
Gastronok is almost dead.
Gastronok wobbles crazily.
You hit Gastronok.
Gastronok looks as sick as possible!
Gastronok is almost dead.
You puncture Gastronok!
Gastronok looks as sick as possible!
Gastronok is almost dead.
Gastronok bites you!
You die...
Your body crumbles into a pile of gold.

####..
.......................... #
.......................... #
##########+###################
####...#. ...#...#.
......##.###############
#...).#.....#..........#
#.....#.....#....w.....+
#.....#.....#...@......#
#..#######..#..........#
+..[....#..............#
#.......'..............#
####....#........>.....#
#....#...............
##########...........
...........# .........


You could see Gastronok.

Vanquished Creatures
  Sigmund (D:5)
  A wyvern (D:8)
  A hungry ghost (D:8)
  A sky beast (D:5)
  3 orc warriors (D:6)
  An eye of draining (D:8)
  An ice beast (D:7)
  A necrophage (D:6)
  3 ogres
  2 centaurs
  A big kobold (D:8)
  7 bullfrogs
  A gnoll sergeant (D:8)
  3 scorpions
  A howler monkey (D:9)
  3 crimson imps
  A quasit (D:9)
  A bullfrog skeleton (D:5)
  4 hounds
  A centaur skeleton (D:6)
  3 orc wizards
  2 orc priests
  Crazy Yiuf (D:3)
  Jessica (D:3)
  5 iguanas
  5 worker ants
  A hound zombie (D:8)
  A worker ant zombie (D:9)
  6 gnolls
  9 adders
  A shadow imp (D:6)
  An ooze (D:2)
  6 adder skeletons
  An adder zombie (D:5)
  3 worms
  2 dart slugs (D:1)
  4 leopard geckos
  25 orcs
  6 bats
  3 giant cockroaches
  3 goblins
  6 hobgoblins
  15 jackals
  12 kobolds
  4 quokkas
  6 frilled lizards
  A leopard gecko zombie (D:6)
  9 rats
180 creatures vanquished.

Vanquished Creatures (collateral kills)
  4 orcs (D:6)
4 creatures vanquished.

Vanquished Creatures (others)
  An ogre (D:6)
  An orc wizard (D:6)
  An adder (D:4)
3 creatures vanquished.

Grand Total: 187 creatures vanquished

Notes
Turn   | Place    | Note
-------+----------+-------------------------------------------
     0 | D:1      | H0rd4k the Human Artificer began the quest for the Orb.
     0 | D:1      | Reached XP level 1. HP: 15/15 MP: 3/3
   139 | D:1      | Reached XP level 2. HP: 11/21 MP: 4/4
   781 | D:2      | Reached XP level 3. HP: 22/26 MP: 5/5
  1142 | D:2      | Reached skill level 1 in Armour
  1396 | D:2      | Reached XP level 4. HP: 17/32 MP: 6/6
  2436 | D:3      | Found a runed translucent door.
  2437 | D:3      | Noticed Crazy Yiuf
  3043 | D:3      | Found a sparkling altar of Nemelex Xobeh.
  3043 | D:3      | Noticed Jessica
  3046 | D:3      | Killed Jessica
  3046 | D:3      | Reached skill level 2 in Short Blades
  3046 | D:3      | Reached XP level 5. HP: 35/37 MP: 7/7
  3138 | D:3      | Killed Crazy Yiuf
  3592 | D:4      | Reached XP level 6. HP: 37/44 MP: 8/8
  3686 | D:4      | Reached skill level 3 in Short Blades
  4112 | D:4      | Reached XP level 7. HP: 46/51 MP: 9/9
  4222 | D:4      | Got a faintly glowing ring mail
  4592 | D:5      | Entered Level 5 of the Dungeon
  4871 | D:5      | Identified the cursed +1 ring mail of the Tundras {rElec
                  | rC- Regen+ Dex+5} (You found it on level 4 of the Dungeon)
  4942 | D:5      | Reached skill level 4 in Short Blades
  4974 | D:5      | Noticed Sigmund
  4985 | D:5      | Killed Sigmund
  4985 | D:5      | Reached XP level 8. HP: 58/58 MP: 10/10
  5206 | D:5      | Reached skill level 5 in Short Blades
  5230 | D:5      | Found a hazy altar of Hepliaklqana.
  5415 | D:6      | Found Vutoneir's Antique Weapon Emporium.
  5453 | D:6      | Found a staircase to the Ecumenical Temple.
  5492 | D:6      | Found an ancient bone altar of Kikubaaqudgha.
  5604 | Temple   | Entered the Ecumenical Temple
  5682 | Temple   | Became a worshipper of Gozag Ym Sagoz the Greedy
  5885 | D:6      | Reached skill level 1 in Throwing
  5885 | D:6      | Reached XP level 9. HP: 63/65 MP: 11/11
  5901 | D:6      | Reached skill level 6 in Short Blades
  6306 | D:6      | Bought an iridescent rapier for 234 gold pieces
  6306 | D:6      | Identified the +5 rapier of Cowardice {venom, Str-3 Int+8
                  | Dex-3 Stlth+} (You bought it in a shop on level 6 of the
                  | Dungeon)
  6811 | D:7      | Reached skill level 7 in Short Blades
  6843 | D:7      | Noticed Harold
  7111 | D:6      | Bought a crude dagger for 182 gold pieces
  7111 | D:6      | Identified the +5 dagger of Leleluer {pierce, +Inv} (You
                  | bought it in a shop on level 6 of the Dungeon)
  7202 | D:8      | Found a flagged portal.
  7211 | D:8      | Reached skill level 5 in Armour
  7234 | Bailey   | Entered a bailey
  7503 | D:8      | Reached skill level 5 in Dodging
  7817 | D:8      | Reached skill level 5 in Fighting
  7817 | D:8      | Reached XP level 10. HP: 71/74 MP: 13/13
  7907 | D:8      | Reached skill level 5 in Stealth
  8108 | D:9      | Reached skill level 8 in Short Blades
  8641 | D:9      | Noticed Gastronok
  8661 | D:9      | Slain by Gastronok

Levels and vault maps discovered:
D:1:      minmay_arrival_wavy_path, layout_rooms, minmay_misc_feat_chi
D:2:      kennysheep_six_static_rooms, layout_basic, first_ration
D:3:      layout_basic, nemelex_lonely_heart_becter, uniq_crazy_yiuf_cottage
D:4:      wad_river_or_something, layout_loops_ring
D:5:      layout_loops_ring, basic_altar, hangedman_abyss_or_decor_passed,
          uniq_sigmund
D:6:      layout_rooms, old_standard_altar, minmay_temple_entry_junction_2,
          serial_shops, shop
D:7:      layout_basic, minivault_1, uniq_harold
D:8:      layout_gridville, enter_bailey_2
D:9:      layout_grid_maze, makhleb_heckhound_becter, uniq_gastronok, uniq_pikel
Temple:   roderic_octagonal_lattice_temple

Skill      XL: |  1  2  3  4  5  6  7  8  9 10 |
---------------+-------------------------------+-----
Armour         | 1 2 3 4 5 |  5.7
Short Blades   | 2 3 4 5 7 8 |  8.1
Dodging        | 3 4 5 |  5.2
Fighting       | 2 3 4 5 |  5.3
Stealth        | 2 3 4 5 |  5.2
Throwing       | 1 2 |  2.5
Evocations     | 4 |  4.3

Action                   |  1- 3 |  4- 6 |  7- 9 | 10-12 || total
-------------------------+-------+-------+-------+-------++-------
Melee: Short sword       |   149 |    58 |       |       ||   207
       Rapier            |       |    87 |   257 |   103 ||   447
Throw: Dart              |       |       |    34 |       ||    34
Evoke: Wand              |     7 |     7 |    16 |       ||    30
  Use: Potion            |       |     1 |       |       ||     1
       Scroll            |       |       |     4 |       ||     4
 Stab: Paralysed         |     1 |       |     2 |       ||     3
       Sleeping          |       |       |    13 |     2 ||    15
       Distracted        |       |       |     1 |     3 ||     4
  Eat: Chunk             |     1 |     9 |     5 |       ||    15
       Ration            |       |       |     3 |     1 ||     4
Armor: Leather armour    |    50 |    32 |     5 |       ||    87
       Ring mail         |       |       |    63 |    23 ||    86
Dodge: Dodged            |   140 |    83 |   165 |    49 ||   437
       Deflected         |       |     3 |    13 |     2 ||    18
